 Dungeon Sprint DCSS version 0.22.1-1-ga44c0e56f4 (webtiles) character file.

7571 MuseOD the Unseen (level 10, 0/58 HPs)
             Began as a Spriggan Enchanter on Sept 28, 2018.
             Was an Elder of Dithmenos.
             Killed by divine providence
             ... invoked by an orc high priest
              (9 damage)
             ... in the Dungeon (Sprint III: "The Ten Rune Challenge").
             The game lasted 00:06:31 (2037 turns).

MuseOD the Unseen (Spriggan Enchanter)              Turns: 2037, Time: 00:06:33

Health: 0/58       AC:  2    Str:  4    XL:     10   Next: 97%
Magic:  16/27      EV: 18    Int: 20    God:    Dithmenos [****..]
Gold:   32         SH:  0    Dex: 17    Spells: 14/34 levels left

rFire    . . .     SeeInvis +   q - +1 dagger (holy)
rCold    . . .     Gourm    .   (shield restricted)
rNeg     . . .     Faith    .   b - +0 robe
rPois    .         Spirit   .   (helmet restricted)
rElec    .         Reflect  .   (no cloak)
rCorr    .         Harm     .   (gloves unavailable)
MR       +....     NoTele   +   (boots unavailable)
Stlth    +++++++++.             (no amulet)
HPRegen  0.19/turn              (no ring)
MPRegen  0.20/turn              (no ring)

@: wreathed by umbra, very quick
A: very small, unfitting armour, see invisible, herbivore, speed 3, slow
metabolism 2
a: Shadow Step, Renounce Religion


You were in the Dungeon.
You worshipped Dithmenos.
Dithmenos was greatly pleased with you.
You were not hungry.

You visited 1 branch You collected 32 gold pieces.

Inventory:

Hand Weapons
 a - a +1 dagger
 q - a +1 dagger of holy wrath (weapon)
Armour
 b - a +0 robe (worn)
Scrolls
 j - a scroll of blinking
 k - a scroll of holy word {unknown}
 l - 4 scrolls of remove curse
 n - a scroll of immolation {unknown}
 o - a scroll of enchant armour {unknown}
Potions
 c - 2 potions of degeneration {unknown}
 e - 2 potions of curing
 f - a potion of heal wounds
 g - 3 potions of haste
 h - 2 potions of magic
 i - 3 potions of berserk rage
 m - a potion of might
 p - 4 potions of mutation
Comestibles
 d - 4 rations


   Skills:
 + Level 9.5 Fighting
 * Level 16.3 Short Blades
 - Level 3.0 Dodging
 + Level 16.5 Stealth
 + Level 12.7 Spellcasting
 + Level 13.0 Hexes


You had 14 spell levels left.
You knew the following spells:

 Your Spells              Type           Power        Failure   Level  Hunger
a - Corona                Hex            ######.      1%          1    None
b - Ensorcelled Hibernat  Hex/Ice        #####.       1%          2    None
c - Confuse               Hex            ######..     1%          3    None
d - Dazzling Spray        Conj/Hex       #####.       1%          3    None
e - Tukima's Dance        Hex            ######..     1%          3    None
f - Mephitic Cloud        Conj/Pois/Air  ##......     16%         3    None
g - Conjure Flame         Conj/Fire      ##......     16%         3    None
h - Blink                 Tloc           N/A          8%          2    None

Your spell library contained the following spells:

 Spells                   Type           Power        Failure   Level  Hunger
 Slow                     Hex            ######..     1%          2    None
 Magic Dart               Conj           ##..         5%          1    None
 Call Imp                 Summ           ##......     8%          2    None


Dungeon Overview and Level Annotations

Branches:
Dungeon (1/1)

Altars:
Dithmenos
Elyvilon
Kikubaaqudgha
Okawaru
Ru
Sif Muna
Trog
Uskayaw
Vehumet
Wu Jian
Yredelemnul
Zin
The Shining One
Beogh


Innate Abilities, Weirdness & Mutations

You are very small and have problems with some larger weapons.
You are too small for most types of armour.
You have supernaturally acute eyesight. (SInv)
You are a herbivore.
You cover ground extremely quickly.
You need to consume almost no food.


Message History

The yaktaur wields an arbalest.
The yaktaur shoots a bolt.
The bolt hits you!!
Casting: Confuse (safe; 1% risk of failure)
Confirm with . or Enter, or press ? or * to list all spells.
Aiming: Confuse (safe; 1% risk of failure)
Press: ? - help, Shift-Dir - straight line, f/p - yaktaur captain
Aim: a yaktaur captain (chance to defeat MR: 43%)
The yaktaur captain resists with some effort.
Your shadow mimicks your spell!
The yaktaur captain resists with almost no effort.
The orc high priest shouts!
You hear a shout! x2
The yaktaur captain wields a runed arbalest.
It bursts into flame!
The yaktaur captain shoots a bolt.
The bolt hits you!!
* * * LOW HITPOINT WARNING * * *
The bolt burns you.
* * * LOW HITPOINT WARNING * * *
An orc priest comes into view. It is wielding a hand axe.
The orc high priest complains noisily.
The orc high priest mumbles some strange prayers to Beogh against you.
Beogh smites you!
You die...

§§≈#.#.#...##.#.#.##
§§§#.#.#..)#.#.#.#.#
.§§#...#...##.#.#.##
▓▓▓▓▓▓▓▓▓▓▓#.#.#.#.#
##.#.#.## +.#.#.#.#
##.#.#.##
##'########
#...'@≈≈≈≈#
#...#.≈≈§≈#
#).)#.#§≈≈#
#####.#.≈§≈# P.#
#≈§≈≈ .P# c≈§≈


PP# #≈§ oo.# c§ You could see a yaktaur captain, an orc high priest, a yaktaur
and an orc priest (wandering).

Vanquished Creatures
  Sigmund (D)
  Snorg (D)
  A yaktaur captain (D)
  A centaur warrior (D)
  An unseen horror (D)
  A deep elf mage (D)
  Edmund (D)
  A shadow (D)
  A necrophage (D)
  2 centaurs (D)
  An earth elemental (D)
  A water elemental (D)
  A jelly (D)
  Jessica (D)
  A necromancer (D)
  3 humans (D)
  A kobold demonologist (D)
  An ooze (D)
  A phantom (D)
  2 rats (D)
24 creatures vanquished.

Vanquished Creatures (others)
  2 draconian scorchers (D)
  6 hellions (D)
  2 yaktaurs (D)
  A wizard (D)
  4 plants (D)
15 creatures vanquished.

Grand Total: 39 creatures vanquished

Notes
Turn   | Place    | Note
-------+----------+-------------------------------------------
     0 | D        | MuseOD the Spriggan Enchanter began the quest for the Orb.
     0 | D        | Reached XP level 1. HP: 9/9 MP: 5/5
    14 | D        | Reached skill level 1 in Fighting
    14 | D        | Reached skill level 5 in Stealth
    36 | D        | Killed a yaktaur
    77 | D        | Killed a yaktaur
   111 | D        | Killed a hellion
   112 | D        | Killed a hellion
   112 | D        | Killed a hellion
   116 | D        | Noticed Jessica
   119 | D        | Killed Jessica
   119 | D        | Reached XP level 2. HP: 15/15 MP: 6/6
   119 | D        | Reached XP level 3. HP: 18/18 MP: 8/8
   122 | D        | Killed a hellion
   123 | D        | Killed a hellion
   136 | D        | Learned a level 2 spell: Ensorcelled Hibernation
   140 | D        | Learned a level 3 spell: Confuse
   162 | D        | Reached skill level 5 in Short Blades
   195 | D        | Killed a hellion
   204 | D        | Killed a white draconian scorcher
   246 | D        | Killed a white draconian scorcher
   247 | D        | Noticed a water elemental
   250 | D        | Killed a water elemental
   250 | D        | Reached skill level 5 in Hexes
   250 | D        | Reached XP level 4. HP: 24/24 MP: 9/11
   270 | D        | Found a basalt altar of Yredelemnul.
   270 | D        | Found a shadowy altar of Dithmenos.
   270 | D        | Found a sacrificial altar of Ru.
   270 | D        | Noticed a necrophage
   272 | D        | Reached XP level 5. HP: 28/28 MP: 12/12
   273 | D        | Killed a necrophage
   273 | D        | Reached skill level 5 in Spellcasting
   277 | D        | Became a worshipper of Dithmenos the Shadowed
   282 | D        | Learned a level 3 spell: Dazzling Spray
   289 | D        | Found a glowing silver altar of Zin.
   289 | D        | Found a glowing golden altar of the Shining One.
   289 | D        | Found a white marble altar of Elyvilon.
   289 | D        | Noticed a deep elf mage
   292 | D        | Killed a deep elf mage
   292 | D        | Reached skill level 5 in Fighting
   292 | D        | Reached skill level 10 in Short Blades
   292 | D        | Reached XP level 6. HP: 35/35 MP: 14/17
   292 | D        | Reached XP level 7. HP: 39/39 MP: 14/18
   295 | D        | Found a hide-covered altar of Uskayaw.
   295 | D        | Found a roughly hewn altar of Beogh.
   295 | D        | Found an iron altar of Okawaru.
   295 | D        | Found a bloodstained altar of Trog.
   295 | D        | Found an ornate altar of the Wu Jian Council.
   295 | D        | Noticed a human
   295 | D        | Noticed a human
   300 | D        | Killed a human
   303 | D        | Killed a human
   303 | D        | Reached * piety under Dithmenos
   408 | D        | Found a radiant altar of Vehumet.
   409 | D        | Found a deep blue altar of Sif Muna.
   409 | D        | Found an ancient bone altar of Kikubaaqudgha.
   412 | D        | Noticed a neqoxec
   532 | D        | Noticed a red devil
   541 | D        | Noticed an orange demon
   692 | D        | Noticed a neqoxec
   717 | D        | Learned a level 3 spell: Tukima's Dance
   721 | D        | Learned a level 3 spell: Mephitic Cloud
   725 | D        | Learned a level 3 spell: Conjure Flame
   843 | D        | Learned a level 2 spell: Blink
   855 | D        | Noticed a shadow
   857 | D        | Killed a shadow
   857 | D        | Reached XP level 8. HP: 44/44 MP: 21/21
   861 | D        | Reached ** piety under Dithmenos
   869 | D        | Noticed Snorg
   871 | D        | Killed Snorg
   871 | D        | Reached skill level 10 in Hexes
  1782 | D        | Noticed a centaur warrior
  1794 | D        | Reached XP level 9. HP: 15/50 MP: 9/23
  1807 | D        | Killed a centaur warrior
  1807 | D        | Reached *** piety under Dithmenos
  1807 | D        | Reached skill level 10 in Spellcasting
  2016 | D        | Noticed an unseen horror
  2018 | D        | Killed an unseen horror
  2025 | D        | Noticed Sigmund
  2025 | D        | Noticed Edmund
  2029 | D        | Killed Sigmund
  2029 | D        | Reached skill level 15 in Short Blades
  2029 | D        | Reached XP level 10. HP: 58/58 MP: 24/27
  2030 | D        | Killed Edmund
  2034 | D        | Noticed a yaktaur captain
  2035 | D        | Killed a yaktaur captain
  2035 | D        | Reached **** piety under Dithmenos
  2036 | D        | Noticed a yaktaur captain
  2037 | D        | Killed from afar by an orc high priest

Skill      XL: |  1  2  3  4  5  6  7  8  9 10 |
---------------+-------------------------------+-----
Fighting       | 2 3 5 6 7 9 |  9.5
Short Blades   | 4 6 10 11 12 15 16 | 16.3
Stealth        | 6 7 8 11 12 13 16 | 16.5
Spellcasting   | 4 7 8 9 12 | 12.7
Hexes          | 5 8 9 10 12 13 | 13.0
Dodging        | |  3.0

Action                   |  1- 3 |  4- 6 |  7- 9 | 10-12 || total
-------------------------+-------+-------+-------+-------++-------
Melee: Dagger            |    30 |     3 |    60 |     1 ||    94
 Cast: Confuse           |     2 |       |    13 |     3 ||    18
       Ensorcelled Hiber |       |       |     4 |       ||     4
       Dazzling Spray    |       |       |    37 |       ||    37
       Mephitic Cloud    |       |       |     1 |       ||     1
 Stab: Sleeping          |     4 |     3 |     5 |     1 ||    13
       Confused          |     1 |       |     9 |       ||    10
Armor: Robe              |       |       |     2 |       ||     2
Dodge: Dodged            |    15 |       |    33 |       ||    48
